 Dungeon Crawl Stone Soup version 0.31.0-4-g52a2dc7128 (webtiles) character file.

Game seed: 11517233133921342253

48430 Cheops the Phalangite (level 14, 0/91 (93) HPs)
             Began as a Formicid Fighter on Jan 20, 2024.
             Was the Champion of Zin.
             Slain by an eight-headed hydra (3 damage)
             ... on level 2 of the Lair of Beasts on Jan 21, 2024.
             The game lasted 01:16:52 (20375 turns).

Cheops the Phalangite (Formicid Fighter)           Turns: 20375, Time: 01:16:52

HP:   0/91 (93)     AC: 22    Str: 23    XL:     14   Next: 86%
MP:   18/18         EV: 11    Int:  8    God:    Zin [******]
Gold: 483           SH: 15    Dex: 13    Spells: 13/13 levels left

rFire   + . .        b - +6 bardiche (flame)
rCold   . . .        H - +2 kite shield
rNeg    . . .        U - +0 plate armour {rF+}
rPois   .            (helmet unavailable)
rElec   .            v - +1 cloak
rCorr   .            (no gloves)
SInv    +            i - +0 pair of boots
Will    +++..        W - necklace of Bloodlust {Fury *Rage Will++ Int-3 Slay+6} Stlth
                     f - +4 ring of protection
HPRegen 0.35/turn    h - +5 ring of evasion
MPRegen 0.16/turn

%: no passive effects
@: mighty, lightly drained
A: permanent stasis, dig shafts and tunnels, antennae 3, four strong arms
a: Dig, Shaft Self, Renounce Religion, Recite, Vitalisation, Imprison,
Sanctuary, Donate Gold


You were on level 2 of the Lair of Beasts.
You worshipped Zin.
Zin was exalted by your worship.
You visited 3 branches of the dungeon, and saw 17 of its levels.
You also visited: Bailey.

You collected 1382 gold pieces.
You spent 780 gold pieces at shops.
You donated 119 gold pieces to Zin.

Inventory:

Hand Weapons
 a - the +4 bardiche "Qaguj" {speed, rPois rC+}
   (You bought it in a shop on level 10 of the Dungeon)

   rC+:       It protects you from cold.
   rPois:     It protects you from poison
 b - a +6 bardiche of flaming (weapon)
 c - a +0 antimagic trident
 d - a +3 glaive of venom
 e - a +2 bardiche of holy wrath
Armour
 i - a +0 pair of boots (worn)
 v - a +1 cloak (worn)
 F - the +0 ring mail "Inullif" {+Inv rElec}
   (You found it on level 9 of the Dungeon)

   rElec:     It insulates you from electricity.
   +Inv:      It lets you turn invisible.
 G - a +1 ring mail of cold resistance
 H - a +2 kite shield (worn)
 N - a scarf of invisibility
 Q - a +1 scale mail of poison resistance
 R - the +3 leather armour of Compression {rN++ Str+4}
   (You took it off an orc in a bailey)

   Str+4:     It affects your strength (+4).
   rN++:      It greatly protects you from negative energy.
 S - +0 acid dragon scales
 U - a +0 plate armour of fire resistance (worn)
Magical Staves
 J - a staff of cold
Jewellery
 f - a +4 ring of protection (left hand)
 h - a +5 ring of evasion (right hand)
 k - a +6 ring of strength
 m - a ring of protection from cold
 t - an amulet of the acrobat
 M - a ring of flight
 V - the ring "Qidurod" {rElec rF- Int+6 Dex+3 Stlth+}
   (You found it on level 10 of the Dungeon)

   [ring of intelligence]

   Int+6:     It affects your intelligence (+6).
   Dex+3:     It affects your dexterity (+3).
   rF-:       It makes you vulnerable to fire.
   rElec:     It insulates you from electricity.
   Stlth+:    It makes you more stealthy.
 W - the necklace of Bloodlust (around neck) {Fury *Rage Will++ Int-3 Slay+6}
   (You took it off an orc priest on level 10 of the Dungeon)

   [amulet of nothing]

   Fury:      It extends the wearer's berserk rage when killing foes.
   Int-3:     It affects your intelligence (-3).
   Slay+6:    It affects your accuracy & damage with ranged weapons and melee
   (+6).
   Will++:    It greatly increases your willpower.
   *Rage:     It berserks you when you make melee attacks (+50% chance).
 X - the ring of Contention {rPois Will+ Dex+6}
   (You took it off a wight on level 10 of the Dungeon)

   [ring of dexterity]

   Dex+6:     It affects your dexterity (+6).
   rPois:     It protects you from poison Will+: It increases your willpower.
Wands
 n - a wand of digging (3)
 o - a wand of roots (13)
 x - a wand of mindburst (11)
 E - a wand of acid (5)
 T - a wand of flame (20)
Scrolls
 g - 2 scrolls of noise
 j - 2 scrolls of fog {unknown}
 l - 3 scrolls of blinking {unknown}
 q - 4 scrolls of vulnerability
 u - 3 scrolls of enchant weapon {unknown}
 y - a scroll of poison {unknown}
 A - 3 scrolls of revelation
 B - a scroll of torment {unknown}
 C - 2 scrolls of brand weapon {unknown}
Potions
 p - 2 potions of brilliance {unknown}
 r - 4 potions of might
 w - 5 potions of curing
 z - a potion of attraction {unknown}
 D - 2 potions of enlightenment {unknown}
 I - a potion of mutation
 K - a potion of berserk rage {unknown}
 O - a potion of magic {unknown}
 P - 2 potions of invisibility {unknown}
Miscellaneous
 s - a condenser vane
 Z - a lightning rod (4/4)


   Skills:
 - Level 3.2 Fighting
 * Level 21.0 Polearms
 - Level 10.3 Armour
 - Level 14.6 Shields
 - Level 6.2 Invocations
 - Level 2.2 Evocations


You had 13 spell levels left.
You didn't know any spells.
Your spell library contained the following spells:

 Spells                   Type           Power      Damage    Failure   Level
 Sandblast                Erth           0%         2d4       100%        1
 Shock                    Conj/Air       0%         1d3       100%        1
 Slow                     Hex            0%         N/A       100%        1
 Sting                    Conj/Alch      0%         1d3       100%        1
 Ensorcelled Hibernation  Hex/Ice        0%         N/A       100%        2
 Mercury Vapours          Alch/Air       0%         N/A       100%        2
 Confusing Touch          Hex            0%         N/A       100%        3
 Frozen Ramparts          Ice            0%         1d1       100%        3
 Fugue of the Fallen      Necr           0%         N/A       100%        3
 Passwall                 Erth           0%         N/A       100%        3
 Sigil of Binding         Hex            0%         N/A       100%        3
 Stone Arrow              Conj/Erth      0%         3d7       100%        3
 Summon Ice Beast         Ice/Summ       0%         N/A       100%        3
 Tukima's Dance           Hex            0%         N/A       100%        3
 Vampiric Draining        Necr           0%         2d6       100%        3
 Airstrike                Air            0%         2d(0-16)  100%        4
 Anguish                  Hex/Necr       0%         N/A       100%        4
 Brom's Barrelling Bould  Conj/Erth      0%         2d3       100%        4
 Leda's Liquefaction      Alch/Erth      0%         N/A       100%        4
 Olgreb's Toxic Radiance  Alch           0%         N/A       100%        4
 Passage of Golubria      Tloc           0%         N/A       100%        4
 Petrify                  Alch/Erth      0%         N/A       100%        4
 Summon Blazeheart Golem  Fire/Summ      0%         N/A       100%        4
 Arcjolt                  Conj/Air       0%         1d10      100%        5
 Metabolic Englaciation   Hex/Ice        0%         N/A       100%        5
 Summon Mana Viper        Hex/Summ       0%         N/A       100%        5
 Yara's Violent Unravell  Hex/Alch       0%         3d3       100%        5
 Plasma Beam              Fire/Air       0%         2x1d10    100%        6
 Monstrous Menagerie      Summ           0%         N/A       100%        7
 Orb of Destruction       Conj           0%         9d5       100%        7
 Spellforged Servitor     Conj/Summ      0%         N/A       100%        7
 Swiftness                Air            Unusable   N/A       N/A         3
 Vhi's Electric Charge    Tloc/Air       Unusable   N/A       N/A         4

Dungeon Overview and Level Annotations

Branches:
Dungeon (14/15)            Temple (1/1) D:4            Lair (2/5) D:9
 Shoals (0/4) Lair:2        Snake (0/4) Lair:2          Orc (0/2) D:12
 Vaults (0/5) D:14         Bailey (visited)

Altars:
Ashenzari
Cheibriados
Dithmenos
Elyvilon
Fedhas
Gozag
Hepliaklqana
Kikubaaqudgha
Makhleb
Nemelex Xobeh
Okawaru
Qazlal
Ru
Sif Muna
Trog
Uskayaw
Vehumet
Wu Jian
Xom
Yredelemnul
Zin
The Shining One

Shops:
D:5 !   D:10 !!(

Annotations:
D:5 2 transporters, Marethyu's ghost, novice GnSh
D:7 2 transporters, Jingleheimer's ghost, novice DrSh


Innate Abilities, Weirdness & Mutations

You cannot be hasted, slowed, berserked, paralysed or teleported.
You can dig through walls and to a lower floor.
You have a pair of large antennae on your head. (SInv)
Your four strong arms can wield two-handed weapons with a shield.


Message History

Unknown command.
Unknown command.
Okay, then.
Unknown command.
Unknown command.
You barely miss the 12-headed hydra.
The 12-headed hydra is heavily wounded.
Unknown command.
Unknown command.
Unknown command.
Unknown command.
You hack one of the 12-headed hydra's heads off!
The flame cauterises the wound!
You slice the 11-headed hydra!! You burn the 11-headed hydra.
The 11-headed hydra is severely wounded.
The 11-headed hydra bites you.
* * * LOW HITPOINT WARNING * * *
The 11-headed hydra barely misses you.
You block the 11-headed hydra's attack. x3
The 11-headed hydra bites you but does no damage.
The 11-headed hydra closely misses you.
The 11-headed hydra bites you but does no damage. x4
Unknown command.
You slice one of the 11-headed hydra's heads off!
The flame cauterises the wound!
You slice the ten-headed hydra!! You burn the ten-headed hydra.
You kill the ten-headed hydra!
Your Polearms skill increases to level 21!
Unknown command.
You slice one of the nine-headed hydra's heads off!
The flame cauterises the wound!
You slice the eight-headed hydra!! You burn the eight-headed hydra.
The eight-headed hydra is moderately wounded.
The eight-headed hydra misses you. The eight-headed hydra bites you.
* * * LOW HITPOINT WARNING * * *
The eight-headed hydra bites you but does no damage.
You block the eight-headed hydra's attack.
The eight-headed hydra bites you.
* * * LOW HITPOINT WARNING * * *
The eight-headed hydra bites you.
You die...

.................................
.....P#...###.###.#............##
.......#...#### ##.............#
......#....### ###...........#
............P# #...........#
........>...## #..........##
.....#......# ### ##..........#
.....##########D## #P..>.......#
.....# #♣♣♣##.#@###..........P#
.....# #♣$...#.###.#..........##
.....# ♣$....D................#
.<...##~..)..'......##.......##
......#♣.....'..######........#
.....P##♣.?..#.P# #........#
.....####..~##.## #.......##
......#.######## #.......#
.........# ##.....##


You could see an eight-headed hydra.

Vanquished Creatures
  A tengu reaver (D:14)
  The ghost of ojifijod the Brawler, a journeyman DrMo of Okawaru (Lair:2)
  Fannar (D:10)
  3 hydras
  A catoblepas (D:13)
  Erica (D:10)
  3 two-headed ogres
  2 boulder beetles
  Lodul (D:12)
  A lindwurm (D:8)
  Pikel (D:5)
  4 ugly things
  2 manticores
  5 cyclopes
  A meliai (D:10)
  2 black mambas (Lair:2)
  2 gargoyles (D:10)
  5 elephants (Lair:2)
  A molten gargoyle (Lair:1)
  5 cane toads (Lair:1)
  Maggie (D:8)
  An efreet (D:13)
  2 rime drakes
  2 kobold demonologists (Bailey)
  10 komodo dragons
  A freezing wraith (D:10)
  A polar bear (Lair:2)
  6 trolls
  Grinder (D:4)
  3 slime creatures (D:13)
  A centaur simulacrum (D:10)
  A jumping spider (D:8)
  3 wyverns
  A wraith (D:9)
  A shadow (D:12)
  2 vampires
  A basilisk (Lair:2)
  27 yaks
  A fire elemental (Lair:1)
  2 redbacks (D:8)
  Eustachio (D:4)
  12 vampire mosquitoes
  Edmund (D:5)
  2 nagas (Lair:2)
  5 water moccasins
  2 acid dragons
  A swamp drake (Lair:2)
  20 orc warriors
  3 black bears
  3 ice beasts
  10 ogres
  6 wolves (Lair:1)
  A centaur (D:12)
  A phantom (D:5)
  8 bullfrogs
  2 kobold brigands (D:4)
  4 scorpions
  A gnoll sergeant (D:6)
  12 wights
  18 killer bees
  2 howler monkeys
  7 electric eels
  3 lava snakes
  2 gnoll boudas
  10 orc priests
  3 bombardier beetles
  2 jellies (D:5)
  3 hounds
  2 sleepcaps
  15 orc wizards
  16 iguanas
  A statue (D:12)
  11 gnolls
  6 adders
  4 ufetubi (D:6)
  4 dart slugs
  A ribbon worm (D:2)
  48 orcs
  6 ball pythons
  7 endoplasms
  3 giant cockroaches
  15 goblins
  17 hobgoblins
  5 jackals
  4 quokkas (D:1)
  4 bats
  25 frilled lizards
  11 kobolds
  4 rats
465 creatures vanquished.

Notes
Turn   | Place    | Note
-------+----------+-------------------------------------------
     0 | D:1      | Cheops the Formicid Fighter began the quest for the Orb.
     0 | D:1      | Reached XP level 1. HP: 18/18 MP: 1/1
    59 | D:1      | Reached XP level 2. HP: 24/24 MP: 2/2
   174 | D:1      | Reached skill level 3 in Polearms
   292 | D:1      | Reached XP level 3. HP: 29/29 MP: 3/3
   915 | D:2      | Identified the +8 long sword "Rumuixiq" {heavy, ^Drain
                  | rPois Str+6 Int+9}
  1396 | D:3      | Reached skill level 4 in Polearms
  1396 | D:3      | Reached XP level 4. HP: 35/35 MP: 4/4
  1757 | D:4      | Noticed Eustachio
  1796 | D:4      | Noticed an ogre
  1823 | D:4      | Noticed Grinder
  1850 | D:4      | Killed Grinder
  1851 | D:4      | Reached skill level 6 in Polearms
  1851 | D:4      | Reached XP level 5. HP: 36/41 MP: 5/5
  1851 | D:4      | Reached XP level 6. HP: 41/47 MP: 6/6
  1976 | D:4      | Killed an ogre
  1977 | D:4      | Reached skill level 7 in Polearms
  1977 | D:4      | Reached XP level 7. HP: 35/52 MP: 7/7
  2144 | D:4      | Found a staircase to the Ecumenical Temple.
  2160 | D:4      | Killed Eustachio
  2184 | D:4      | Reached skill level 8 in Polearms
  2263 | D:4      | Identified the +0 leather armour of Abstinence {Int+3}
  2448 | D:4      | Reached XP level 8. HP: 32/58 MP: 8/8
  2766 | D:4      | Reached skill level 9 in Polearms
  3016 | D:4      | Found a shimmering altar of Xom.
  3165 | D:5      | Entered Level 5 of the Dungeon
  3323 | D:5      | Found Ziupt's Distillery.
  3337 | D:5      | Bought 2 potions of curing for 60 gold pieces
  3337 | D:5      | Bought a potion of mutation for 80 gold pieces
  3337 | D:5      | Bought a potion of heal wounds for 50 gold pieces
  3524 | D:5      | Reached skill level 10 in Polearms
  3542 | D:5      | Noticed Edmund
  3570 | D:5      | Noticed Marethyu's ghost (novice GnSh)
  3570 | D:5      | Noticed a hornet
  3637 | Temple   | Entered the Ecumenical Temple
  3638 | Temple   | Upgraded the game from 0.31.0-2-g5a2aebc5c2 to
                  | 0.31.0-4-g52a2dc7128
  3690 | Temple   | Became a worshipper of Zin the Law-Giver
  3981 | D:5      | Noticed Pikel
  4000 | D:5      | Killed Pikel
  4001 | D:5      | Reached skill level 11 in Polearms
  4001 | D:5      | Reached XP level 9. HP: 50/64 MP: 9/9
  4448 | D:5      | Killed Edmund
  4606 | D:5      | Reached skill level 1 in Evocations
  4659 | D:5      | Found a transporter.
  4659 | D:5      | Found a transporter.
  4878 | D:5      | Reached * piety under Zin
  4993 | D:5      | Identified a scroll of acquirement
  4998 | D:5      | Acquired a manual of Polearms
  5068 | D:6      | Reached skill level 1 in Invocations
  5138 | D:6      | Reached skill level 12 in Polearms
  5910 | D:6      | Reached XP level 10. HP: 70/70 MP: 4/13
  5940 | D:6      | Reached skill level 5 in Invocations
  6089 | D:7      | Found a transporter.
  6091 | D:7      | Noticed Jingleheimer's ghost (novice DrSh)
  6227 | D:7      | Reached skill level 13 in Polearms
  6473 | D:7      | Found a transporter.
  6853 | D:7      | Reached skill level 14 in Polearms
  6893 | D:7      | Reached ** piety under Zin
  6942 | D:7      | Noticed a komodo dragon
  6958 | D:7      | Killed a komodo dragon
  7462 | D:7      | Found a blossoming altar of Fedhas.
  7474 | D:7      | Reached skill level 15 in Polearms
  7541 | D:5      | Bought a potion of might for 40 gold pieces
  7541 | D:5      | Bought a potion of might for 40 gold pieces
  7541 | D:5      | Bought a potion of heal wounds for 50 gold pieces
  7849 | D:8      | Found a flagged portal.
  7945 | Bailey   | Entered a bailey
  8120 | Bailey   | Reached skill level 16 in Polearms
  8258 | Bailey   | Reached skill level 5 in Shields
  8293 | Bailey   | Reached XP level 11. HP: 73/75 MP: 15/15
  8690 | Bailey   | Identified the +3 leather armour of Compression {rN++
                  | Str+4}
  8700 | Bailey   | Found an iron altar of Okawaru.
  9052 | D:8      | Acquired a +2 bardiche of holy wrath
  9059 | D:8      | Found a runed translucent door.
  9183 | D:8      | Noticed Maggie
  9208 | D:8      | Killed Maggie
  9412 | D:8      | Reached XP level 12. HP: 81/81 MP: 16/16
  9618 | D:8      | Found a shimmering blue altar of Sif Muna.
  9767 | D:8      | Identified the +2 hat "Rioz" {Str+2}
  9768 | D:8      | Found a runed translucent gate.
  9768 | D:8      | Found a runed translucent gate.
  9768 | D:8      | Found a runed translucent gate.
  9768 | D:8      | Found a runed translucent gate.
  9768 | D:8      | Found a runed translucent gate.
  9768 | D:8      | Found a runed translucent gate.
  9768 | D:8      | Noticed a boulder beetle
  9812 | D:8      | Killed a boulder beetle
 10247 | D:9      | Reached *** piety under Zin
 10270 | D:9      | Identified the +0 ring mail "Inullif" {+Inv rElec}
 10299 | D:9      | Reached skill level 17 in Polearms
 10410 | D:9      | Found a broken altar of Ashenzari.
 10559 | D:9      | Found a staircase to the Lair.
 10959 | D:10     | Entered Level 10 of the Dungeon
 11104 | D:10     | Noticed a two-headed ogre
 11108 | D:10     | Killed a two-headed ogre
 11109 | D:10     | Reached skill level 5 in Armour
 11159 | D:10     | Found Ire Joeg's Distillery.
 11205 | D:10     | Noticed Fannar
 11270 | D:10     | Killed Fannar
 11645 | D:10     | Found Lepeofun's Distillery.
 11679 | D:10     | Noticed a two-headed ogre
 11694 | D:10     | Killed a two-headed ogre
 11695 | D:10     | Reached XP level 13. HP: 83/86 MP: 17/17
 11722 | D:10     | Noticed Erica
 11754 | D:10     | Killed Erica
 12221 | D:10     | Identified the +1 leather armour of the Onion {Regen+}
 12291 | D:10     | Reached skill level 18 in Polearms
 12362 | D:10     | Identified the ring of Contention {rPois Will+ Dex+6}
 12512 | D:10     | Identified the ring "Qidurod" {rElec rF- Int+6 Dex+3
                  | Stlth+}
 12668 | D:10     | Found Vaixor's Antique Weapon Shop.
 14022 | D:10     | Bought a glimmering halberd for 180 gold pieces
 14022 | D:10     | Identified the +4 halberd of Resourcefulness {chaos, rCorr
                  | Dex+4} (You bought it in a shop on level 10 of the Dungeon)
 14295 | D:12     | Noticed Lodul
 14684 | D:12     | Reached skill level 19 in Polearms
 14899 | D:12     | Noticed a seven-headed hydra
 14913 | D:12     | Killed a seven-headed hydra
 15139 | D:12     | Killed Lodul
 15145 | D:12     | Reached XP level 14. HP: 48/93 MP: 18/18
 15339 | D:12     | Reached **** piety under Zin
 15339 | D:12     | Reached ***** piety under Zin
 15431 | D:12     | Found a staircase to the Orcish Mines.
 15530 | D:12     | Found a radiant altar of Vehumet.
 16147 | D:13     | Identified the +2 leather armour of a Billion Wonders
                  | {rPois rN+ Regen+ Int-3}
 16173 | D:13     | Reached ****** piety under Zin
 17160 | D:14     | Found a gate to the Vaults.
 17161 | D:14     | Noticed a tengu reaver
 17185 | D:14     | Zin protects you from harm!
 17188 | D:14     | Killed a tengu reaver
 17474 | Lair:1   | Entered Level 1 of the Lair of Beasts
 17538 | Lair:1   | You fall into a shaft and drop 1 floor!
 17546 | Lair:2   | Reached skill level 10 in Armour
 17957 | Lair:1   | Reached skill level 20 in Polearms
 18042 | D:10     | Bought an iridescent bardiche for 280 gold pieces
 18042 | D:10     | Identified the +4 bardiche "Qaguj" {speed, rPois rC+} (You
                  | bought it in a shop on level 10 of the Dungeon)
 19116 | Lair:2   | Found a staircase to the Snake Pit.
 19281 | Lair:2   | Found a runed translucent gate.
 19281 | Lair:2   | Found a runed translucent gate.
 19281 | Lair:2   | Found a runed translucent gate.
 19285 | Lair:2   | Noticed ojifijod's ghost (journeyman DrMo)
 19310 | Lair:2   | Found a staircase to the Shoals.
 19904 | Lair:2   | Acquired a +6 bardiche of flaming
 20369 | Lair:2   | Killed ojifijod's ghost
 20375 | Lair:2   | Reached skill level 21 in Polearms
 20375 | Lair:2   | HP: 3/91 [eight-headed hydra (5)]
 20375 | Lair:2   | Slain by an eight-headed hydra

Illustrated notes

Levels and vault maps discovered:
D:1:      tarquinn_simple_flora_water_e, layout_rooms
D:2:      minmay_alternating_diamond, layout_loops_cross,
          hangedman_decor_clover_reticule, nicolae_kite_square_tiling_tiny
D:3:      layout_rooms, kennysheep_doodads,
          nicolae_concentric_dashed_squares_mild
D:4:      cheibrodos_thug_alley, layout_loops_ring, marbit_many_paths,
          minmay_temple_entry_wispy, grunt_ministairs_1, kennysheep_diamond,
          chequers_decorated_corner, uniq_eustachio, uniq_grinder
D:5:      layout_layer_cave, serial_shops, shop, gammafunk_ghost_hive,
          uniq_edmund, uniq_pikel
D:6:      layout_loops_ring, amcnicky_mini_rare_corridor_liquid
D:7:      layout_basic, overflow_temple_1_default, gammafunk_ghost_arena,
          minmay_lizard_king
D:8:      gammafunk_indiana_jones, layout_cave_pools, kennysheep_orc_sif_temple,
          enter_bailey_5, uniq_maggie
D:9:      layout_loops_ring, nicolae_overflow_crystal_walls, lair_entry_dummy
D:10:     minmay_the_grid_square_5x5_3x3
          [minmay_the_grid_square_5x5_checkered_statues,
          minmay_the_grid_square_5x5_trominoes, minmay_the_grid_square_5x5_comb,
          minmay_the_grid_square_5x5_doubleslash,
          minmay_the_grid_square_5x5_megaprize_crossed,
          minmay_the_grid_square_5x5_hollow_slash,
          minmay_the_grid_square_5x5_shuriken,
          minmay_the_grid_square_5x5_minibox,
          minmay_the_grid_square_5x5_two_walls_a], layout_loops_ring,
          serial_shops, shop, shop, nicolae_shop_tiny_glass, uniq_fannar,
          uniq_erica
D:11:     layout_stronghold
D:12:     lemuel_ice_spiral_2, layout_irregular_city, hiddenorc1_lemuel,
          vehumet_statue, uniq_lodul
D:13:     layout_basic
D:14:     layout_roguey, hellmonk_vaults_attempted_burglary,
          nicolae_hepliaklqana_hazy_memory
Temple:   dpeg_five_rooms_temple
Lair:1:   layout_gridlike, chequers_serial_rivers_large_a
Lair:2:   lemuel_reptile_caves, layout_hall_layers, shoals_dummy_entry,
          guppyfry_snake_entry_island, gammafunk_ghost_hydra_chop,
          dreamdust_gnoll_shepherd

Skill      XL: |  1  2  3  4  5  6  7  8  9 10 11 12 13 14 |
---------------+-------------------------------------------+-----
Polearms       | 3 4 6 7 8 11 12 16 17 19 21 | 21.0
Evocations     | 2 |  2.2
Invocations    | 4 6 |  6.2
Shields        | 5 14 | 14.6
Armour         | 6 9 10 | 10.3
Fighting       | |  3.2

Action                     |  1- 3 |  4- 6 |  7- 9 | 10-12 | 13-15 || total
---------------------------+-------+-------+-------+-------+-------++-------
  Melee: Trident           |   110 |    56 |   341 |    67 |    36 ||   610
         Halberd           |       |       |       |   589 |   402 ||   991
         Bardiche          |       |       |       |       |   212 ||   212
         Glaive            |       |       |       |       |    63 ||    63
 Invoke: Recite            |       |       |       |     2 |       ||     2
         Vitalisation      |       |       |       |     1 |       ||     1
Ability: Dig               |       |       |       |     3 |     1 ||     4
         Shaft Self        |       |       |       |       |     1 ||     1
  Evoke: Wand              |       |       |     9 |     6 |     2 ||    17
    Use: Potion            |       |     1 |     2 |     3 |     8 ||    14
         Scroll            |       |       |     5 |     4 |     7 ||    16
 Armour: Scale mail        |    70 |    22 |    97 |    35 |       ||   224
         Plate armour      |       |       |       |   211 |   308 ||   519
         Ring mail         |       |       |       |       |    12 ||    12
  Dodge: Dodged            |    58 |    33 |   118 |   195 |   143 ||   547
  Block: Buckler           |    32 |    15 |    46 |    15 |       ||   108
         Kite shield       |       |       |       |   174 |   350 ||   524
